Map: Kairos Junction LE

Players

Lazu - Winner!

  • Race: Protoss Protoss
  • League: Master
  • Spawn Location: 11:00

Trizztein

  • Race: Terran Terran
  • League: Diamond
  • Spawn Location: 5:00

VOD

Have the link to the VOD?

Description

Time

  • Played on: July 9, 2019, 10:16 a.m.
  • Length: 14:12
Show
View Real Time Build Order
Export as new Build Order

Lazu Protoss - Winner!

Build Orders:  

Get SALT Encoding   

  12  0:03  Probe  
  13  0:15  Probe  
  13  0:17  Pylon  
  14  0:27  Probe  
  15  0:35  Probe  
  15  0:38  Gateway  
  16  0:43  Probe  
  17  0:50  Assimilator  
  17  0:53  Probe  
  18  1:05  Probe  
  19  1:17  Probe  
  20  1:25  Cybernetics Core  
  20  1:29  Probe  
  21  1:33  Pylon  
  21  1:42  Probe  
  22  1:51  Adept  
  22  1:53  Nexus  
  22  2:04  Assimilator  
  22  2:07  Probe  
  25  2:22  Stalker  
  27  2:23  Warp Gate  
  27  2:43  Probe  
  28  2:47  Robotics Facility  
  28  2:55  Probe  
  29  2:58  Pylon  
  29  3:00  Gateway  
  29  3:01  Probe  
  30  3:09  Probe  
  30  3:17  Pylon  
  30  3:19  Probe  
  32  3:34  Probe  
  32  3:35  Probe  
  34  3:47  Probe x2  
  34  3:48  Shield Battery  
  34  3:51  Observer  
  34  3:52  Robotics Bay  
  34  3:54  Gateway  
  35  3:59  Probe x2  
  35  4:02  Assimilator  
  37  4:03  Shield Battery  
  37  4:11  Warp Prism  
  39  4:23  Stalker x2  
  41  4:26  Probe  
  41  4:30  Probe  
  43  4:34  Probe  
  43  4:36  Assimilator  
  43  4:37  Gateway  
  43  4:39  Disruptor  
  43  4:42  Probe  
  45  4:48  Stalker  
  45  4:49  Gravitic Drive  
  45  4:50  Sentry  
  49  4:57  Probe x2  
  50  5:12  Probe x2  
  52  5:24  Probe x2  
  49  5:28  Twilight Council  
  49  5:31  Stalker x2  
  53  5:36  Probe x2  
  55  5:48  Probe x2  
  57  5:51  Stalker x2  
  61  6:00  Probe  
  61  6:01  Charge  
  62  6:05  Pylon  
  62  6:07  Pylon  
  62  6:22  Extended Thermal Lance  
  62  6:23  Probe x2  
  64  6:35  Probe  
  65  6:44  Nexus  
  65  6:46  Pylon  
  65  6:52  Forge  
  65  6:53  Forge  
  65  6:59  Gateway  
  65  7:00  Probe  
  65  7:01  Gateway  
  66  7:15  Sentry, Zealot x2  
  68  7:16  Zealot  
  74  7:23  Colossus  
  80  7:36  Probe x2  
  82  7:44  Protoss Ground Weapons Level 1  
  82  7:47  Templar Archives  
  82  7:48  Pylon, Probe x2  
  81  8:11  Zealot  
  81  8:12  Zealot x5, Colossus  
  93  8:22  Protoss Ground Armor Level 1  
  99  8:32  Zealot x3  
  105  8:38  Probe x2  
  105  8:40  Probe  
  108  8:45  Zealot  
  106  8:50  Probe x2  
  106  8:51  Pylon  
  106  8:52  Probe  
  95  9:24  Zealot x4  
  95  9:25  Zealot  
  101  9:38  Twilight Council  
  101  9:40  Pylon  
  101  9:42  Gateway  
  101  9:44  Pylon  
  101  9:50  Protoss Shields Level 1  
  101  9:53  Psionic Storm, Probe  
  101  9:54  Nexus, Probe x2  
  101  9:55  Assimilator  
  101  9:57  Assimilator, Photon Cannon  
  104  10:00  Gateway  
  104  10:04  Pylon  
  104  10:05  High Templar  
  104  10:06  High Templar  
  108  10:10  High Templar x2  
  108  10:11  Archon  
  108  10:14  Stalker  
  114  10:15  Archon  
  114  10:19  Photon Cannon  
  114  10:24  Blink  
  114  10:25  Probe x2  
  114  10:28  Pylon  
  116  10:37  High Templar  
  116  10:38  High Templar x2  
  116  10:41  Gateway  
  122  10:43  High Templar x2  
  122  10:44  High Templar  
  128  11:06  Zealot  
  128  11:11  Protoss Ground Weapons Level 2  
  130  11:13  Pylon  
  130  11:25  Immortal  
  124  11:53  Colossus  
  122  12:05  Zealot x3, High Templar x2  
  122  12:06  High Templar x3  
  144  12:25  Zealot  
  144  12:26  Zealot x2  
  144  12:28  Gateway  
  142  12:31  Pylon  
  132  12:40  Colossus  
  126  12:47  Nexus  
  126  12:49  Pylon  
  126  12:51  Pylon  
  132  12:56  Probe x3  
  132  12:57  Probe  
  136  12:59  Assimilator  
  136  13:03  Assimilator  
  134  13:06  Pylon  
  134  13:08  Probe  
  131  13:17  Zealot x4  
  131  13:18  Stalker x3  
  131  13:19  Stalker, Probe x3  
  133  13:20  Probe  
  130  13:31  Probe x2  
  130  13:32  Probe x2  
  140  13:43  Archon  
  140  13:46  Archon  
  116  13:57  High Templar x2  
  116  13:58  Zealot x3  
  116  13:59  Zealot x4  
Show
View Real Time Build Order
Export as new Build Order

Trizztein Terran 

Build Orders:  

Get SALT Encoding   

  12  0:00  SCV  
  13  0:12  SCV  
  14  0:17  Supply Depot  
  14  0:25  SCV  
  15  0:28  Refinery  
  15  0:38  SCV  
  16  0:45  Barracks  
  16  0:50  SCV  
  17  1:02  SCV  
  18  1:15  SCV  
  19  1:32  Reaper, Orbital Command  
  20  1:48  Command Center  
  20  1:59  Bunker  
  20  2:01  SCV  
  21  2:04  Marine  
  22  2:11  Supply Depot  
  22  2:14  SCV  
  23  2:23  Factory  
  23  2:25  Barracks Reactor  
  23  2:32  SCV  
  23  2:46  SCV  
  23  2:47  Refinery  
  24  3:00  SCV  
  24  3:01  Orbital Command  
  25  3:14  Hellion x2  
  25  3:15  SCV  
  30  3:20  Barracks Tech Lab  
  30  3:27  Starport  
  30  3:28  SCV  
  30  3:31  SCV  
  32  3:35  Hellion  
  32  3:40  SCV  
  37  3:41  Hellion  
  37  3:43  SCV  
  38  3:52  SCV  
  38  3:55  SCV  
  40  3:59  Widow Mine  
  40  4:00  Supply Depot  
  42  4:04  Medivac  
  42  4:05  SCV  
  42  4:06  Barracks Tech Lab  
  42  4:09  SCV  
  46  4:21  SCV  
  47  4:25  SCV  
  47  4:27  Refinery  
  48  4:33  SCV  
  48  4:37  SCV  
  50  4:45  SCV  
  50  4:49  SCV  
  48  4:58  SCV, Marine x2, Siege Tank  
  50  5:09  SCV, Barracks  
  50  5:11  Barracks  
  50  5:12  SCV  
  50  5:13  Starport Reactor, Barracks  
  52  5:15  Barracks  
  52  5:16  Marine x2  
  52  5:18  Command Center  
  54  5:40  Marine x2  
  54  5:43  Supply Depot  
  54  5:45  Supply Depot  
  54  5:47  Supply Depot  
  54  5:56  Refinery  
  54  5:57  Stimpack  
  54  5:58  SCV  
  54  6:04  Marine x2  
  54  6:05  SCV, Medivac x2, Supply Depot  
  54  6:06  Supply Depot x2  
  54  6:09  Siege Tank  
  54  6:10  SCV  
  65  6:11  Barracks Tech Lab  
  65  6:12  Barracks Tech Lab, Barracks Reactor  
  65  6:14  Marine  
  65  6:17  SCV  
  62  6:22  Marine, SCV  
  62  6:25  Engineering Bay  
  64  6:26  Marine, Engineering Bay  
  64  6:28  Supply Depot  
  64  6:29  SCV  
  64  6:32  Marine  
  66  6:34  SCV  
  66  6:36  Supply Depot  
  64  6:41  SCV, Siege Tank  
  64  6:46  SCV  
  70  6:54  Marine, Marauder  
  70  6:55  Marine  
  74  7:02  Orbital Command  
  74  7:03  Marine  
  74  7:04  Marauder  
  72  7:12  Missile Turret  
  72  7:13  SCV  
  72  7:15  SCV  
  74  7:18  Marine x2  
  76  7:25  SCV  
  76  7:27  SCV  
  78  7:33  SCV  
  75  7:37  SCV  
  75  7:39  SCV, Missile Turret  
  75  7:40  Marine  
  78  7:45  SCV  
  78  7:46  Combat Shield  
  78  7:50  SCV  
  80  7:51  SCV  
  80  7:57  SCV  
  82  8:02  SCV  
  82  8:03  SCV  
  82  8:06  Orbital Command  
  82  8:14  SCV  
  82  8:17  SCV  
  84  8:26  SCV  
  85  8:29  Marine x4, Marauder, Missile Turret  
  85  8:31  Terran Infantry Weapons Level 1, Terran Infantry Armor Level 1  
  85  8:33  Missile Turret  
  91  8:35  Marine, Marauder  
  91  8:36  Armory  
  93  8:46  Marine x2  
  93  8:47  Marine x2  
  93  8:50  Marauder  
  93  8:53  Marine  
  94  8:56  Marine  
  94  9:00  SCV  
  94  9:01  SCV  
  91  9:04  Marine x4, Viking  
  93  9:10  Starport  
  93  9:11  Marine, Marauder  
  93  9:12  SCV  
  93  9:14  Marine  
  98  9:22  Marine  
  98  9:35  SCV x2  
  93  9:42  Siege Tank  
  93  9:43  Viking  
  98  9:49  SCV x2, Command Center  
  100  9:58  Viking x2  
  104  10:02  Viking  
  104  10:06  Marauder x2  
  110  10:10  Supply Depot  
  110  10:12  Marine  
  111  10:16  SCV  
  112  10:22  Barracks Reactor  
  112  10:26  Terran Infantry Weapons Level 2, Terran Infantry Armor Level 2  
  112  10:27  Missile Turret  
  112  10:30  Terran Ship Weapons Level 1  
  112  10:31  Marauder  
  112  10:33  Supply Depot  
  112  10:34  Viking  
  116  10:41  Ghost Academy  
  116  10:47  Marine x3  
  116  10:48  Marauder  
  121  10:52  Marine  
  120  10:59  Refinery  
  120  11:03  SCV x2  
  122  11:08  Sensor Tower, Siege Tank  
  122  11:09  Viking  
  127  11:15  SCV  
  127  11:17  Liberator x3  
  120  11:33  Marine x2  
  120  11:34  Marauder  
  120  11:38  SCV  
  120  11:39  SCV  
  135  11:40  Orbital Command  
  130  11:48  Ghost, Marine x2  
  130  11:50  SCV  
  130  11:51  SCV  
  130  11:54  Marine x2, Marauder  
  128  12:04  Ghost  
  128  12:06  Marine x2  
  119  12:11  Marine x2  
  119  12:13  SCV x2  
  119  12:15  Marine  
  96  12:43  Orbital Command  
  83  12:48  Ghost x2, Marine x2  
  83  12:49  SCV  
  89  12:52  SCV  
  90  13:01  SCV  
  90  13:04  SCV  
  92  13:11  SCV  
  93  13:13  SCV  
  93  13:16  SCV  
  93  13:19  Marine x2  
  95  13:23  SCV  
  95  13:26  SCV  
  87  13:29  SCV  
  88  13:35  Marine x2, SCV  
  88  13:38  SCV  
  65  13:46  Marine x2  
  65  13:47  Marine x2, Marauder  
  57  13:59  SCV  
Tags
 
Add a new tag
Caveats
  • Supply blocks, unpowered buildings, or Contaminate may cause inaccurate times.
  • Supply counts are checked every 10 seconds.